 Dungeon Crawl Stone Soup version 0.26-a0-663-g36e8fdb655 (webtiles) character file.

Game seed: 14432591599054012556

243958 timneilson the Peltast (level 19, -3/119 HPs)
             Began as a Gargoyle Fighter on Oct 9, 2020.
             Was a High Priest of Okawaru.
             Killed from afar by a crystal guardian (38 damage)
             ... with a crystal bolt
             ... on level 2 of the Depths on Oct 11, 2020.
             The game lasted 01:44:27 (38635 turns).

timneilson the Peltast (Gargoyle Fighter)          Turns: 38635, Time: 01:44:27

Health: -3/119     AC: 51    Str: 32    XL:     19   Next: 43%
Magic:  27/28      EV:  9    Int: 19    God:    Okawaru [*****.]
Gold:   3595       SH: 28    Dex: 12    Spells: 18/18 levels left

rFire    + + .     SeeInvis .   b - +0 demon blade (elec)
rCold    . . .     Faith    .   T - +2 tower shield {rF+}
rNeg     + . .     Spirit   .   S - +0 crystal plate armour
rPois    ∞         Reflect  .   P - +2 hat {Int+3}
rElec    +         Harm     .   U - scarf {repulsion}
rCorr    .         Rampage  .   D - +1 pair of gloves {Str+3}
MR       +....                  B - +2 pair of boots "Gaaregul" {Str+2}
Stlth    ..........             (no amulet)
HPRegen  0.29/turn              Q - ring "Rakhlu" {rF+ Int+6 Dex+3}
MPRegen  0.21/turn              Y - +4 ring of slaying

@: heroism, flying, repel missiles
A: big wings, negative energy resistance 1, electricity resistance, unbreathing,
petrification resistance, rot immunity, AC +14
}: 2/15 runes: decaying, serpentine
a: Stop Flying, Heroism, Finesse, Renounce Religion


You were on level 2 of the Depths.
You worshipped Okawaru.
Okawaru was extremely pleased with you.
You visited 7 branches of the dungeon, and saw 34 of its levels.
You also visited: Ice Cave.

You collected 4093 gold pieces.
You spent 498 gold pieces at shops.

Inventory:

Hand Weapons
 b - a +0 demon blade of electrocution (weapon)
 c - a +4 scimitar
 v - a +1 vorpal scimitar
 V - a +3 scimitar of flaming
Armour
 y - a +1 cloak
 B - the +2 pair of boots "Gaaregul" (worn) {Str+2}
   (You found it on level 9 of the Dungeon)

   It affects your strength (+2).
 D - a +1 pair of gloves of strength (worn)
 P - a +2 hat of intelligence (worn)
 S - a +0 crystal plate armour (worn)
 T - a +2 tower shield of fire resistance (worn)
 U - a scarf of repulsion (worn)
Jewellery
 a - an uncursed ring of see invisible
 q - an uncursed ring of resist corrosion
 G - an uncursed ring of protection from fire
 Q - the ring "Rakhlu" (left hand) {rF+ Int+6 Dex+3}
   (You found it on level 6 of the Lair of Beasts)

   [ring of intelligence]

   It affects your intelligence (+6).
   It affects your dexterity (+3).
   It protects you from fire.
 Y - a +4 ring of slaying (right hand)
Wands
 i - a wand of polymorph (20)
 l - a wand of paralysis (46)
 t - a wand of acid (33)
 w - a wand of random effects (19)
 H - a wand of flame (18)
 J - a wand of digging (16)
 N - a wand of enslavement (3)
 O - a wand of iceblast (8)
Scrolls
 e - a scroll of silence
 h - a scroll of fear
 j - 5 scrolls of enchant weapon
 n - 16 scrolls of teleportation
 s - 11 scrolls of remove curse
 A - 3 scrolls of fog
 F - 4 scrolls of enchant armour
 I - 3 scrolls of amnesia
Potions
 d - 2 potions of resistance
 g - 4 potions of stabbing
 k - 4 potions of brilliance
 m - a potion of magic
 o - 11 potions of curing
 p - 2 potions of cancellation
 r - 3 potions of invisibility
 u - 3 potions of heal wounds
 x - 2 potions of mutation
 z - a potion of berserk rage {unknown}
 C - a potion of ambrosia {unknown}
 E - 2 potions of might
 M - a potion of haste
 R - 5 potions of lignification
Miscellaneous
 f - a lightning rod (4/4)
 K - a condenser vane (2/2)


   Skills:
 + Level 13.2(18.2) Fighting
 * Level 15.0(20.0) Long Blades
 * Level 17.5(22.5) Armour
 * Level 17.5(22.5) Shields
 + Level 12.5 Invocations
 + Level 10.6 Evocations


You had 18 spell levels left.
You didn't know any spells.
Your spell library contained the following spells:

 Spells                   Type           Power        Failure   Level
 Foxfire                  Conj/Fire      #...         89%         1
 Freeze                   Ice            #...         89%         1
 Magic Dart               Conj           #...         89%         1
 Shock                    Conj/Air       #...         89%         1
 Summon Small Mammal      Summ           #...         89%         1
 Call Imp                 Summ           #.......     96%         2
 Poisonous Vapours        Pois/Air       #.....       96%         2
 Searing Ray              Conj           #.....       96%         2
 Swiftness                Air            #.......     96%         2
 Call Canine Familiar     Summ           #.......     99%         3
 Conjure Flame            Conj/Fire      #.......     99%         3
 Dazzling Flash           Conj/Hex       #.....       99%         3
 Frozen Ramparts          Ice            #.....       99%         3
 Ignite Poison            Fire/Tmut/Pois #.......     99%         3
 Inner Flame              Hex/Fire       #.......     99%         3
 Mephitic Cloud           Conj/Pois/Air  #.......     99%         3
 Ozocubu's Armour         Ice            #.......     99%         3
 Static Discharge         Conj/Air       #.......     99%         3
 Summon Guardian Golem    Hex/Summ       #.......     99%         3
 Airstrike                Air            #.........   100%        4
 Animate Dead             Necr           #.........   100%        4
 Cause Fear               Hex            #.........   100%        4
 Fulminant Prism          Conj/Hex       #.........   100%        4
 Hailstorm                Conj/Ice       #.......     100%        4
 Iskenderun's Mystic Bla  Conj/Tloc      #.......     100%        4
 Petrify                  Tmut/Erth      #.......     100%        4
 Sticky Flame             Conj/Fire      #.......     100%        4
 Summon Ice Beast         Ice/Summ       #.......     100%        4
 Summon Lightning Spire   Summ/Air       #.......     100%        4
 Alistair's Intoxication  Tmut/Pois      #........    100%        5
 Borgnjor's Vile Clutch   Necr/Erth      #.........   100%        5
 Fireball                 Conj/Fire      #.........   100%        5
 Irradiate                Conj/Tmut      #.........   100%        5
 Lightning Bolt           Conj/Air       #.........   100%        5
 Silence                  Hex/Air        #.........   100%        5
 Yara's Violent Unravell  Hex/Tmut       #.........   100%        5
 Conjure Ball Lightning   Conj/Air       #.........   100%        6
 Death Channel            Necr           #.........   100%        6
 Eringya's Noxious Bog    Tmut/Pois      #.........   100%        6
 Freezing Cloud           Conj/Ice/Air   #.........   100%        6
 Simulacrum               Ice/Necr       #.........   100%        6
 Discord                  Hex            #.........   100%        8
 Tornado                  Air            #.........   100%        9
 Sublimation of Blood     Necr           Unusable     N/A         2

Dungeon Overview and Level Annotations

Branches:
Dungeon (15/15)            Temple (1/1) D:6            Lair (6/6) D:11
  Swamp (4/4) Lair:3        Snake (4/4) Lair:4        Slime (0/5) Lair:6
    Orc (2/2) D:9             Elf (0/3) Orc:2        Vaults (0/5) D:13
 Depths (2/5) D:15          IceCv (visited)

Altars:
Ashenzari
Cheibriados
Dithmenos
Elyvilon
Fedhas
Gozag
Hepliaklqana
Kikubaaqudgha
Makhleb
Nemelex Xobeh
Okawaru
Qazlal
Ru
Sif Muna
Trog
Uskayaw
Vehumet
Wu Jian
Xom
Yredelemnul
Zin
The Shining One
Beogh
Jiyva

Shops:
D:15 [   Orc:1 (((   Orc:2 ([*=   Snake:1 !

Portals:
Hell: Depths:1
Pandemonium: Depths:1
Ziggurat: Depths:1

Annotations:
D:15 Roxanne


Innate Abilities, Weirdness & Mutations

You are resistant to torment.
Your stone body is resilient. (AC +14)
You are immune to poison.
Your large and strong wings let you fly indefinitely.
You resist negative energy. (rN+)
You are resistant to electric shocks. (rElec)
You can survive without breathing.
You are immune to petrification.
You are immune to rotting.


Message History

The crystal guardian is lightly damaged.
Unknown command.
The crystal guardian fires a crystalline bolt at you.
The crystal bolt burns you but does no damage.
The crystal guardian fires a crystalline bolt at you.
The crystal bolt freezes the crystal guardian.
The crystal guardian completely resists.
The crystal bolt freezes you!!
The crystal guardian fires a crystalline bolt at you.
The crystal bolt freezes you!!!
* * * LOW HITPOINT WARNING * * *
The crystal guardian fires a crystalline bolt at you.
The crystal bolt burns the crystal guardian.
The crystal guardian completely resists.
The crystal bolt misses you.
The crystal guardian fires a crystalline bolt at you.
The crystal bolt freezes the crystal guardian.
The crystal guardian completely resists.
The crystal bolt freezes you!!!
You die... #.##...##.# .#.....#. #..}..# # ..... # #. 888

.# #..##8##..#
#.......#
#.#####.#########.
.......@....?.....
#######.#.#######.
#.#.# #.#.# #.#.#
#.#.# #...# ###.#
########.#######


You could see 4 crystal guardians.

Vanquished Creatures
  2 Ice Fiends (IceCv)
  A lich (Depths:1)
  Frances (Snake:2)
  A thorn hunter (Swamp:1)
  12 nagarajas
  An azure jelly (Swamp:4)
  2 orc warlords (Orc:1)
  Aizul (Snake:2)
  2 stone giants (Depths:1)
  5 very ugly things
  Azrael (D:13)
  An ettin (Depths:1)
  Snorg (Lair:5)
  Josephine (Lair:4)
  2 jiangshi (Depths:1)
  10 naga warriors
  A great orb of eyes (Depths:1)
  Harold (D:11)
  2 ogre magi
  5 ice dragons
  7 hydras
  A rakshasa (D:15)
  4 boulder beetles
  2 ghost crabs
  7 anacondas
  3 catoblepae
  5 centaur warriors
  5 death yaks
  10 two-headed ogres
  10 alligators
  2 tengu warriors (D:13)
  3 vampire magi
  5 orc high priests
  14 naga sharpshooters
  6 shock serpents
  Nergalle (D:10)
  3 salamander mystics
  A fire crab (shapeshifter) (Depths:1)
  3 unseen horrors
  A spriggan druid (Swamp:2)
  2 wizards (D:15)
  6 swamp dragons
  6 naga ritualists
  11 mana vipers
  A wolf spider zombie (D:15)
  7 orc knights
  5 orc sorcerers
  A necromancer (D:15)
  10 ugly things
  7 deep elf magi
  6 cyclopes
  A salamander (shapeshifter) (D:13)
  9 elephants
  11 salamanders
  43 black mambas
  5 guardian serpents
  2 ice statues (IceCv)
  17 naga magi
  22 cane toads
  3 rime drakes (D:14)
  8 komodo dragons
  A gargoyle (D:15)
  7 yaktaurs
  An efreet (D:15)
  3 kobold demonologists
  12 ice devils (IceCv)
  5 freezing wraiths
  3 tengu conjurers (D:13)
  A polar bear (Lair:6)
  A queen bee (shapeshifter) (D:15)
  A troll (shapeshifter) (D:13)
  A polar bear (shapeshifter) (D:15)
  12 trolls
  7 tyrant leeches
  9 blink frogs (Lair:1)
  18 hornets
  A raiju (shapeshifter) (D:15)
  3 bog bodies
  A slime creature (shapeshifter) (D:15)
  A hornet (shapeshifter) (Depths:1)
  13 dream sheep (Lair:6)
  A vampire (D:14)
  2 shadows
  20 spriggans
  17 wyverns
  37 yaks
  8 wraiths
  5 fire elementals (D:13)
  7 basilisks
  The ghost of neoxian the Vexing, an amateur GnAM (D:3)
  4 swamp worm simulacra (Swamp:4)
  24 vampire mosquitoes
  5 wargs
  47 nagas
  12 insubstantial wisps
  24 swamp worms
  2 acid dragons (D:13)
  15 water moccasins
  Duvessa (D:7)
  3 hell hounds
  16 hydra simulacra (Swamp:4)
  4 black bears (Lair:6)
  9 swamp drakes
  5 ice beasts
  4 sky beasts
  30 orc warriors
  An eye of draining (D:13)
  4 phantoms
  9 boggarts
  13 ogres
  22 wolves
  11 centaurs
  8 big kobolds
  2 wyvern zombies
  Dowan (D:7)
  16 bullfrogs
  A scorpion (D:9)
  6 killer bees (D:9)
  11 wights
  5 howler monkeys
  2 bullfrog zombies (D:6)
  6 centaur zombies
  A quasit (D:13)
  2 hounds
  16 orc wizards
  2 bullfrog skeletons
  15 orc priests
  10 jellies
  5 iguanas
  An iron imp (Depths:1)
  8 centaur skeletons
  11 worker ants
  11 hell rats
  A killer bee zombie (D:8)
  A hound zombie (D:5)
  A hound skeleton (D:6)
  3 worker ant zombies
  3 gnolls (D:10)
  9 adders
  A shadow imp (D:10)
  9 white imps
  3 swamp drake simulacra (Swamp:4)
  9 ufetubi
  2 oozes
  2 adder zombies (D:5)
  2 worms
  A dart slug (D:2)
  2 leopard geckos
  86 orcs
  4 ball pythons
  A giant cockroach (D:2)
  7 goblins
  7 hobgoblins
  9 jackals
  6 quokkas
  4 bats
  4 frilled lizards
  A jackal skeleton (D:8)
  18 kobolds
  2 leopard gecko skeletons
  A quokka skeleton (D:9)
  A quokka zombie (D:7)
  6 rats
  5 briar patches (Swamp:2)
1144 creatures vanquished.

Vanquished Creatures (others)
  A hydra (Swamp:4)
  2 tyrant leeches
  A spriggan (Swamp:2)
  A basilisk (Lair:6)
  4 swamp worms
  2 white imps (IceCv)
  3 ufetubi (IceCv)
  A swamp drake simulacrum (Swamp:4)
  42 fungi
  38 plants
  11 toadstools (Swamp:1)
106 creatures vanquished.

Grand Total: 1250 creatures vanquished

Notes
Turn   | Place    | Note
-------+----------+-------------------------------------------
     0 | D:1      | timneilson the Gargoyle Fighter began the quest for the
                  | Orb.
     0 | D:1      | Reached XP level 1. HP: 14/14 MP: 1/1
   551 | D:1      | Found an iron altar of Okawaru.
   560 | D:1      | Became a worshipper of Warmaster Okawaru
   626 | D:1      | Reached XP level 2. HP: 19/19 MP: 2/2
  1014 | D:2      | Reached XP level 3. HP: 23/23 MP: 3/3
  1261 | D:3      | Reached XP level 4. HP: 21/28 MP: 4/4
  1635 | D:3      | Found a blossoming altar of Fedhas.
  1669 | D:3      | Found a runed translucent gate.
  1669 | D:3      | Noticed neoxian's ghost (amateur GnAM)
  1670 | D:3      | Found a runed translucent gate.
  1670 | D:3      | Identified the +6 whip of Forawn {protect, rC+ Dex+4}
  1671 | D:3      | Found a runed translucent gate.
  1674 | D:3      | Found a roughly hewn altar of Beogh.
  2143 | D:4      | Reached XP level 5. HP: 22/33 MP: 5/5
  2216 | D:4      | Noticed an ogre
  2224 | D:4      | Killed an ogre
  2224 | D:4      | Reached * piety under Okawaru
  2343 | D:4      | Reached XP level 6. HP: 33/38 MP: 6/6
  3356 | D:5      | Entered Level 5 of the Dungeon
  3427 | D:5      | Reached skill level 5 in Shields
  3511 | D:5      | Reached skill level 5 in Armour
  3538 | D:5      | Found a shimmering altar of Xom.
  3956 | D:5      | Noticed a sky beast
  3977 | D:5      | Killed a sky beast
  3977 | D:5      | Reached XP level 7. HP: 35/44 MP: 7/7
  4562 | D:5      | Got a transparent chain mail
  4649 | D:5      | Identified the cursed +0 chain mail of the Gravedigger
                  | {Dex+4} (You found it on level 5 of the Dungeon)
  4707 | D:6      | Reached ** piety under Okawaru
  4804 | D:6      | Found a staircase to the Ecumenical Temple.
  4811 | Temple   | Entered the Ecumenical Temple
  4958 | D:6      | Found a shadowy altar of Dithmenos.
  4982 | D:6      | Found a sparkling altar of Nemelex Xobeh.
  5320 | D:6      | Reached skill level 1 in Invocations
  5398 | D:6      | Reached skill level 1 in Evocations
  5398 | D:6      | Reached XP level 8. HP: 42/48 MP: 7/9
  5755 | D:7      | Noticed Dowan
  5756 | D:7      | Noticed Duvessa
  5767 | D:7      | Killed Duvessa
  5776 | D:7      | Killed Dowan
  5902 | D:7      | Reached skill level 5 in Fighting
  6120 | D:7      | Reached *** piety under Okawaru
  6231 | D:7      | Reached skill level 5 in Long Blades
  6263 | D:7      | Found a glowing silver altar of Zin.
  6730 | D:8      | HP: 2/49 [orc priest/divine providence (12)]
  7071 | D:8      | Reached XP level 9. HP: 35/54 MP: 10/10
  7282 | D:8      | Noticed a brown ugly thing
  7295 | D:8      | Killed a brown ugly thing
  7310 | D:8      | Reached **** piety under Okawaru
  7829 | D:8      | Found a shimmering altar of Xom.
  7836 | D:8      | Found a glowing golden altar of the Shining One.
  7851 | D:8      | Found a snail-covered altar of Cheibriados.
  7858 | D:8      | Found a shimmering blue altar of Sif Muna.
  7863 | D:8      | Found a basalt altar of Yredelemnul.
  7870 | D:8      | Found a bloodstained altar of Trog.
  7874 | D:8      | Found an ornate altar of the Wu Jian Council.
  7939 | D:9      | Found a hazy altar of Hepliaklqana.
  8025 | D:9      | Reached XP level 10. HP: 60/60 MP: 12/12
  8038 | D:9      | Got a pair of smoking boots
  8210 | D:9      | Noticed a two-headed ogre
  8222 | D:9      | Killed a two-headed ogre
  8222 | D:9      | Reached ***** piety under Okawaru
  8435 | D:9      | Found a staircase to the Orcish Mines.
  8686 | D:9      | Found a white marble altar of Elyvilon.
  8951 | D:10     | Entered Level 10 of the Dungeon
  9232 | D:10     | Reached skill level 5 in Invocations
  9264 | D:10     | Reached XP level 11. HP: 44/66 MP: 14/14
  9516 | D:10     | Noticed Nergalle
  9533 | D:10     | Killed Nergalle
  9557 | D:10     | Received a gift from Okawaru
  9983 | D:11     | Found a staircase to the Lair.
 10203 | D:11     | Killed an unseen horror
 10203 | D:11     | Reached skill level 10 in Armour
 10347 | D:11     | Reached skill level 10 in Shields
 10399 | D:11     | Identified the +2 pair of boots "Gaaregul" {Str+2} (You
                  | found it on level 9 of the Dungeon)
 10432 | D:11     | Noticed Harold
 10451 | D:11     | Killed Harold
 10554 | D:11     | Noticed a brown ugly thing
 10589 | D:11     | Killed a brown ugly thing
 10905 | D:12     | Reached ****** piety under Okawaru
 10979 | D:12     | Noticed a deep elf mage
 10994 | D:12     | Killed a deep elf mage
 11188 | D:12     | Reached skill level 5 in Evocations
 11554 | D:13     | Noticed a deep elf mage
 11573 | D:13     | Killed a deep elf mage
 11576 | D:13     | Noticed a deep elf mage
 11576 | D:13     | Noticed a salamander
 11591 | D:13     | Killed a salamander
 11591 | D:13     | Reached XP level 12. HP: 65/73 MP: 13/16
 11615 | D:13     | Noticed a tengu warrior
 11647 | D:13     | Killed a tengu warrior
 11731 | Lair:1   | Entered Level 1 of the Lair of Beasts
 11761 | Lair:1   | Received a gift from Okawaru
 12239 | Lair:1   | Noticed a six-headed hydra
 12243 | Lair:1   | Killed a six-headed hydra
 13010 | Lair:2   | Received a gift from Okawaru
 13277 | Lair:2   | Received a gift from Okawaru
 13732 | Lair:2   | You fall into a shaft and drop 1 floor!
 13769 | Lair:3   | Reached XP level 13. HP: 79/79 MP: 18/18
 14539 | Lair:3   | Reached skill level 10 in Long Blades
 14815 | Lair:3   | Found a staircase to the Swamp.
 15391 | Lair:3   | Received a gift from Okawaru
 15452 | Lair:4   | Found a staircase to the Snake Pit.
 15531 | Lair:4   | Noticed Josephine
 15558 | Lair:4   | Killed Josephine
 16881 | Lair:5   | Noticed Snorg
 16898 | Lair:5   | Killed Snorg
 17162 | Lair:5   | Gained mutation: Your large and strong wings let you fly
                  | indefinitely. [Gargoyle growth]
 17162 | Lair:5   | Reached XP level 14. HP: 85/86 MP: 20/20
 17367 | Lair:6   | Entered Level 6 of the Lair of Beasts
 17585 | Lair:6   | Found a staircase to the Slime Pits.
 17653 | Lair:6   | Received a gift from Okawaru
 18285 | Lair:6   | Reached skill level 10 in Fighting
 18485 | Lair:6   | Received a gift from Okawaru
 18541 | Lair:6   | Got a smoking brass ring
 19134 | Lair:6   | Identified the ring "Rakhlu" {rF+ Int+6 Dex+3} (You found
                  | it on level 6 of the Lair of Beasts)
 19333 | Orc:1    | Entered Level 1 of the Orcish Mines
 19504 | Orc:1    | Found Ilig's Antique Weapon Boutique.
 19524 | Orc:1    | Found a roughly hewn altar of Beogh.
 19657 | Orc:1    | Found Pohelas's Antique Weapon Shop.
 19698 | Orc:1    | Found Goerr's Weapon Shop.
 19717 | Orc:1    | Bought a +3 war axe of flaming for 326 gold pieces
 19877 | Orc:2    | Entered Level 2 of the Orcish Mines
 19878 | Orc:2    | Noticed an orc warlord
 19896 | Orc:2    | Found Xahiuc's Jewellery Emporium.
 19939 | Orc:2    | Found Haol's Antique Armour Boutique.
 20698 | Orc:1    | Killed an orc warlord
 20698 | Orc:1    | Received a gift from Okawaru
 21310 | Orc:1    | Reached XP level 15. HP: 48/92 MP: 21/21
 21510 | Orc:2    | Found Riniq's General Store.
 21799 | Orc:2    | Noticed an orc warlord
 21997 | Orc:1    | Killed an orc warlord
 22348 | Orc:2    | Found Xiptaj's Antique Weapon Emporium.
 22364 | Orc:2    | Found a staircase to the Elven Halls.
 22374 | Orc:2    | Bought a glowing tower shield for 172 gold pieces
 22862 | D:3      | Killed neoxian's ghost
 23442 | D:13     | Received a gift from Okawaru
 23780 | D:13     | Found a gate to the Vaults.
 23861 | D:13     | Noticed Azrael
 23888 | D:13     | Killed Azrael
 24732 | D:14     | Reached skill level 10 in Invocations
 24782 | D:14     | Got a shimmering plate armour
 25150 | D:15     | Entered Level 15 of the Dungeon
 25314 | D:15     | Noticed Roxanne
 25339 | D:15     | Received a gift from Okawaru
 25366 | D:15     | Paralysed by a wizard for 6 turns
 25385 | D:15     | Reached XP level 16. HP: 89/100 MP: 21/23
 25557 | D:15     | Found a staircase to the Depths.
 26216 | D:15     | Received a gift from Okawaru
 26267 | D:15     | Found Xuudwenu's Antique Armour Shoppe.
 26476 | D:15     | Reached skill level 15 in Shields
 26749 | Depths:1 | Entered Level 1 of the Depths
 27005 | Snake:1  | Entered Level 1 of the Snake Pit
 27014 | Snake:1  | Reached skill level 15 in Armour
 27114 | Snake:1  | Found Litoahoi's Distillery.
 27293 | Snake:1  | Identified the cursed +0 plate armour "Lyjucuup" {rElec rC-
                  | Regen+ rCorr} (You found it on level 14 of the Dungeon)
 28713 | Snake:2  | Noticed Aizul
 28713 | Snake:2  | Noticed a nagaraja
 28713 | Snake:2  | Noticed Frances
 28717 | Snake:2  | Noticed a nagaraja
 28952 | Snake:2  | Killed a nagaraja
 29108 | Snake:2  | Killed a nagaraja
 29108 | Snake:2  | Received a gift from Okawaru
 29108 | Snake:2  | Reached XP level 17. HP: 45/106 MP: 20/25
 29117 | Snake:2  | Killed Aizul
 29127 | Snake:2  | HP: 3/106 [Frances/shard of ice (45)]
 29144 | Snake:2  | Killed Frances
 29146 | Snake:2  | Upgraded the game from 0.26-a0-662-g8b9c6dab81 to
                  | 0.26-a0-663-g36e8fdb655
 30508 | Snake:4  | Entered Level 4 of the Snake Pit
 30588 | Snake:4  | Received a gift from Okawaru
 30806 | Snake:4  | Found a frozen archway.
 30843 | IceCv    | Entered an ice cave
 31299 | IceCv    | Noticed an Ice Fiend
 31299 | IceCv    | Noticed an Ice Fiend
 31323 | IceCv    | Killed an Ice Fiend
 31339 | IceCv    | Killed an Ice Fiend
 31339 | IceCv    | Received a gift from Okawaru
 31340 | IceCv    | Got a pair of twisted gloves {god gift}
 32017 | Snake:4  | Reached XP level 18. HP: 102/112 MP: 26/26
 32064 | Snake:4  | Identified the +1 pair of gloves of the Gloaming {rN+ Str-5
                  | Dex+5} (Okawaru gifted it to you in an ice cave)
 32889 | Snake:4  | Reached skill level 10 in Evocations
 33132 | Snake:4  | Got a serpentine rune of Zot
 33323 | Swamp:1  | Entered Level 1 of the Swamp
 33353 | Swamp:1  | Received a gift from Okawaru
 34303 | Swamp:2  | Found a transporter.
 35069 | Swamp:2  | Found a transporter.
 35314 | Swamp:2  | Got a heavily runed pewter amulet
 35317 | Swamp:2  | Got a pair of heavily runed boots
 35956 | Swamp:3  | Identified the amulet "Ylauky" {Inacc rPois rN++ Str-3
                  | Stlth+} (You found it on level 2 of the Swamp)
 35969 | Swamp:3  | Identified the +0 pair of boots "Vokar" {Int+2} (You found
                  | it on level 2 of the Swamp)
 35979 | Swamp:3  | Received a gift from Okawaru
 36270 | Swamp:4  | Entered Level 4 of the Swamp
 36626 | Swamp:4  | Reached XP level 19. HP: 75/118 MP: 22/28
 36643 | Swamp:4  | Got a decaying rune of Zot
 38162 | Depths:1 | Found a gateway to a ziggurat.
 38211 | Depths:1 | Found a gateway to Hell.
 38310 | Depths:1 | Reached skill level 15 in Long Blades
 38347 | Depths:1 | Found a one-way gate leading to the halls of Pandemonium.
 38635 | Depths:2 | Killed from afar by a crystal guardian

Illustrated notes

Levels and vault maps discovered:
D:1:      minmay_arrival_widening_spiral_wide, layout_basic,
          okawaru_ov_weapons_minmay
D:2:      layout_rooms
D:3:      layout_basic, fedhas_altar_2, biasface_ghost_orc_armoury
D:4:      layout_layer_cave
D:5:      layout_loops_corners, brannock_xom_greatest_gift
D:6:      layout_loops_ring, lemuel_crystal_altar, old_standard_altar,
          minmay_temple_entry_arrows
D:7:      layout_gridville, basic_altar, uniq_duvessa
D:8:      layout_rooms, grunt_temple_overflow_octagram, special_room
          [special_room_orc], serial_curves, eino_curves_02, eino_curves_04
D:9:      layout_long_grid, lemuel_round_altar, elyvilon_altar_3, erik_orc_3
D:10:     layout_grid_maze, uniq_nergalle
D:11:     layout_irregular_city, dpeg_oklobed_lair, uniq_harold
D:12:     layout_basic
D:13:     hangedman_cross_cluster, layout_loops_ring, david_vaults_2,
          gauntlet_entry_generic, uniq_azrael
D:14:     layout_roguey [special_room_mythical_zoo], hangedman_decor_lopped
D:15:     grunt_enter_depths_magical_seal, layout_gridville, serial_shops,
          nicolae_shop_statue_plus, uniq_roxanne
Temple:   pf_slime_end_temple
Lair:1:   layout_layer_cave
Lair:2:   layout_roguey, grunt_megastairs_1, infiniplex_staircase_pool_2
Lair:3:   layout_gridlike, minmay_swamp_entry_reptiles, grunt_megastairs_5
Lair:4:   layout_regular_city, guppyfry_snake_entry_island, lemuel_fruit_fields,
          uniq_josephine
Lair:5:   layout_regular_city, serial_bayou_lagoon_b, infiniplex_staircase_pool,
          uniq_snorg
Lair:6:   minmay_lair_end_enchanted_forest, layout_cave_pods,
          nicolae_slime_entry_slimehenge, chequers_serial_rivers_micro_d,
          st_stairs_8, patterned_corridor
Swamp:1:  cheibrodos_swamp_tower_of_moss, layout_basic_swamp,
          evilmike_swamp_ruin_house_6, swamp_pool5
Swamp:2:  gammafunk_worm_tunnel, layout_falls_marsh,
          nicolae_swamp_feature_on_the_river_bank
Swamp:3:  layout_basic_swamp, nicolae_swamp_triple_paths, swamp_pool2
Swamp:4:  swamp_icy, layout_basic_swamp
Snake:1:  layout_chambers, minmay_shop_star
Snake:2:  nicolae_aizul_guard, layout_misc_corridors,
          nicolae_snake_biting_tails, uniq_frances
Snake:3:  layout_rooms, drop_trap
Snake:4:  minmay_snake_end_coiled, layout_cave_town,
          portal_ice_cave_entry_pillars_1
Orc:1:    layout_caves, serial_shops, shop, shop_fountains,
          nicolae_shop_overgrown_old_shop, basic_altar
Orc:2:    grunt_orc_gardens, layout_caves, grunt_orc_garden, grunt_orc_garden,
          grunt_orc_garden, grunt_orc_garden
Depths:1: layout_cave_pools, enter_ziggurat_c, pf_vacation_house_of_asmodeus,
          grunt_pan_entry_spiral, lemuel_flamethrower_3
Depths:2: minmay_the_grid_4x2 [minmay_the_grid_minigrid_medium,
          minmay_the_grid_expand, minmay_the_grid_large_cup,
          minmay_the_grid_artifice, minmay_the_grid_outer_diamond,
          minmay_the_grid_tri_star, minmay_the_grid_tiny_cups,
          minmay_the_grid_prize_trominoes], layout_gridlike, pan_entry,
          hangedman_coc_ice_floe, uniq_asterion, uniq_sojobo, uniq_nikola

Skill      XL: |  1  2  3  4  5  6  7  8  9 10 11 12 13 14 15 16 17 18 19 |
---------------+----------------------------------------------------------+-----
Long Blades    | 2 3 4 5 6 7 8 9 10 11 12 13 14 15 | 15.0
Shields        | 4 5 6 8 9 10 11 12 13 14 15 16 17 | 17.5
Armour         | 4 5 6 8 9 10 11 12 13 14 15 16 17 | 17.5
Fighting       | 4 5 6 7 8 9 10 11 12 13 | 13.2
Invocations    | 1 2 3 5 6 7 8 9 10 11 12 | 12.5
Evocations     | 1 2 3 4 5 6 7 8 9 10 | 10.6

Action                   |  1- 3 |  4- 6 |  7- 9 | 10-12 | 13-15 | 16-18 | 19-21 || total
-------------------------+-------+-------+-------+-------+-------+-------+-------++-------
Melee: Long sword        |    79 |   193 |   328 |   303 |       |       |       ||   903
       Scimitar          |       |       |       |   567 |  1904 |  1543 |       ||  4014
       Demon blade       |       |       |       |       |       |   596 |   287 ||   883
Invok: Heroism           |       |       |     5 |    13 |    37 |    34 |     6 ||    95
       Finesse           |       |       |       |     1 |     5 |     5 |     2 ||    13
 Abil: Fly               |       |       |       |       |       |     1 |       ||     1
Evoke: Wand              |       |       |       |     3 |    10 |       |       ||    13
       Condenser vane    |       |       |       |       |     2 |     1 |     1 ||     4
  Use: Scroll            |     8 |     2 |     7 |     8 |     5 |    10 |     2 ||    42
       Potion            |       |     1 |     1 |     2 |       |     6 |       ||    10
 Stab: Petrified         |       |       |       |       |    12 |       |       ||    12
       Petrifying        |       |       |       |       |     2 |       |       ||     2
       Confused          |       |       |       |       |       |     3 |       ||     3
Armor: Scale mail        |    45 |    99 |     9 |       |       |       |       ||   153
       Chain mail        |       |       |   169 |   214 |   380 |       |       ||   763
       Plate armour      |       |       |       |   273 |   139 |       |       ||   412
       Crystal plate arm |       |       |       |       |   179 |   961 |    75 ||  1215
Dodge: Dodged            |    25 |    53 |    96 |   352 |   532 |   248 |    33 ||  1339
       Repelled          |       |       |       |       |       |     1 |       ||     1
Block: Kite shield       |    40 |   112 |   169 |   565 |   903 |       |       ||  1789
       Tower shield      |       |       |       |       |   502 |  2347 |   228 ||  3077
       Rpst.: Long sword |     9 |    16 |    29 |    28 |       |       |       ||    82
       Scimitar          |       |       |       |    50 |   166 |    59 |       ||   275
       Demon blade       |       |       |       |       |       |    10 |     7 ||    17

Table legend: (Time is in decaauts)
 A = Elapsed time spent in this place.
 B = Non-inter-level travel time spent in this place.
 C = Inter-level travel time spent in this place.
 D = Time resting spent in this place.
 E = Time spent auto-exploring this place.
 F = Levels seen in this place.
 G = Mean time per level.
                   A        B        C        D        E       F      G
               +--------+--------+--------+--------+--------+-----+--------+
         Total |  37579 |  35425 |   2154 |   2570 |  23330 |  35 | 1073.7 |
       Dungeon |  16321 |  15202 |   1119 |    604 |  10797 |  15 | 1088.1 |
        Temple |    129 |    115 |     14 |      0 |    114 |   1 |  129.0 |
          Lair |   7547 |   7055 |    492 |     93 |   5289 |   6 | 1257.8 |
         Swamp |   3697 |   3504 |    193 |      0 |   2587 |   4 |  924.2 |
     Snake Pit |   5058 |   4811 |    247 |      0 |   3031 |   4 | 1264.5 |
  Orcish Mines |   3029 |   2967 |     62 |   1614 |    647 |   2 | 1514.5 |
        Depths |    937 |    911 |     26 |      0 |    589 |   2 |  468.5 |
      Ice Cave |    856 |    856 |      0 |    259 |    275 |   1 |  856.0 |
               +--------+--------+--------+--------+--------+-----+--------+

Top non-repeatable levels by time:
   Orc:1: 2227 daAuts
    D:15: 1828 daAuts
  Lair:6: 1734 daAuts
 Snake:4: 1664 daAuts
 Snake:1: 1655 daAuts
     D:5: 1420 daAuts
  Lair:3: 1372 daAuts
    D:13: 1359 daAuts
  Lair:4: 1326 daAuts
     D:7: 1303 daAuts
     D:4: 1250 daAuts
     D:9: 1221 daAuts
  Lair:1: 1146 daAuts
  Lair:2: 1146 daAuts
    D:10: 1144 daAuts
